 Dungeon Crawl Stone Soup version 0.31.0-11-ge490571c62 (webtiles) character file.

Game seed: 4939396172932322395

7 ragingrage the Sneak (level 2, 0/20 HPs)
             Began as a Ghoul Enchanter on Feb 3, 2024.
             Slain by a hobgoblin (4 damage)
             ... on level 1 of the Dungeon.
             The game lasted 00:00:52 (216 turns).

ragingrage the Sneak (Ghoul Enchanter)               Turns: 216, Time: 00:00:52

Health: 0/20       AC:  2    Str: 11    XL:     2   Next: 4%
Magic:  4/4        EV: 12    Int: 14    God:
Gold:   23         SH:  0    Dex:  9    Spells: 2/4 levels left

rFire   . . .        a - +1 dagger
rCold   + . .        (no shield)
rNeg    + + +        b - +0 robe
rPois   ∞            (no helmet)
rElec   .            (no cloak)
rCorr   .            (no gloves)
SInv    .            (no boots)
Will    .....        e - amulet of regeneration
Stlth   ++           (no ring)
HPRegen 0.00/turn    (no ring)
MPRegen 0.09/turn

%: no passive effects
@: inhibited regen, invisible
A: claws 1, cold resistance 1, negative energy resistance 3, inhibited
regeneration, torment resistance 2, devour on kill
a: no special abilities


You were on level 1 of the Dungeon.
You visited 1 branch of the dungeon, and saw 1 of its levels.

You collected 23 gold pieces.

Inventory:

Hand Weapons
 a - a +1 dagger (weapon)
Armour
 b - a +0 robe (worn)
Jewellery
 e - an amulet of regeneration (around neck)
Scrolls
 d - 2 scrolls of identify {unknown}
 f - a scroll of fog {unknown}
 g - a scroll of torment {unknown}
Potions
 c - a potion of invisibility


   Skills:
 + Level 1.8 Short Blades
 - Level 1.7 Dodging
 - Level 3.2 Stealth
 - Level 1.7 Spellcasting
 - Level 2.4 Hexes
 + Level 0.1 Ice Magic


You had 2 spell levels left.
You knew the following spells:

 Your Spells              Type           Power      Damage    Failure   Level
a - Ensorcelled Hibernat  Hex/Ice        8%         N/A       22%         2

Your spell library contained the following spells:

 Spells                   Type           Power      Damage    Failure   Level
 Confusing Touch          Hex            7%         N/A       26%         3
 Tukima's Dance           Hex            7%         N/A       26%         3
 Dazzling Flash           Conj/Hex       8%         N/A       41%         3
 Fugue of the Fallen      Necr           1%         N/A       58%         3
 Anguish                  Hex/Necr       2%         N/A       83%         4


Dungeon Overview and Level Annotations

Branches:
Dungeon (1/15)

Altars:


Innate Abilities, Weirdness & Mutations

You are immune to poison.
You have sharp fingernails.
Your flesh is cold resistant. (rC+)
You are immune to negative energy. (rN+++)
You do not regenerate when monsters are visible.
You are immune to unholy pain and torment.
You thrive by killing the living.


Message History

The hobgoblin closely misses you.
You closely miss the bat. The bat misses you. x2
The hobgoblin barely misses you.
You closely miss the bat. The bat barely misses you.
You closely miss the hobgoblin. The hobgoblin hits you.
You barely miss the hobgoblin.
The hobgoblin hits you but does no damage.
You completely miss the hobgoblin. The hobgoblin hits you.
Unknown command.
You hit the hobgoblin but do no damage. The hobgoblin hits you.
You hit the hobgoblin.
The hobgoblin is lightly wounded.
The hobgoblin closely misses you.
You closely miss the hobgoblin.
The hobgoblin is lightly wounded.
The bat hits you but does no damage. The hobgoblin completely misses you.
You closely miss the hobgoblin.
The hobgoblin is lightly wounded.
The hobgoblin hits you.
You closely miss the hobgoblin.
The hobgoblin is lightly wounded.
The hobgoblin barely misses you.
You barely miss the hobgoblin.
The hobgoblin is lightly wounded.
The bat closely misses you. The hobgoblin hits you.
* * * LOW HITPOINT WARNING * * *
You fade into invisibility!
The bat barely misses you. The bat hits you.
* * * LOW HITPOINT WARNING * * *
The hobgoblin barely misses you.
You barely miss the hobgoblin.
The hobgoblin is lightly wounded.
The bat barely misses you. x2; The hobgoblin barely misses you.
You hit the hobgoblin.
The hobgoblin is moderately wounded.
The bat hits you but does no damage.
You hit the hobgoblin but do no damage.
The hobgoblin is moderately wounded.
The bat barely misses you. The hobgoblin hits you.
You die...

....##.......#.#
....##.##.####.#
....##.........#######
....##.)...##........#
#.#...##.######.#
#.....##......#
####.....####.#
........####.#
####.##..b@g.#
#.....##### ####....
....#..# .........#
.........>.#
.?.........#
J..........#


You could see a hobgoblin (unable to see you) and a bat.

Vanquished Creatures
  2 bats (D:1)
  A giant cockroach (D:1)
  A goblin (D:1)
  2 kobolds (D:1)
  2 rats (D:1)
8 creatures vanquished.

Notes
Turn   | Place    | Note
-------+----------+-------------------------------------------
     0 | D:1      | ragingrage the Ghoul Enchanter began the quest for the Orb.
     0 | D:1      | Reached XP level 1. HP: 14/14 MP: 3/3
    57 | D:1      | Reached skill level 1 in Short Blades
   154 | D:1      | Reached XP level 2. HP: 16/20 MP: 4/4
   162 | D:1      | Learned a level 2 spell: Ensorcelled Hibernation
   216 | D:1      | Slain by a hobgoblin

Illustrated notes

Levels and vault maps discovered:
D:1:      dpeg_arrival_round_b, layout_basic,
          dreamdust_ecumenical_altar_hidden_monk_grotto

Skill      XL: |  1 |
---------------+----+-----
Short Blades   | 1 |  1.8
Dodging        | |  1.7
Stealth        | |  3.2
Spellcasting   | |  1.7
Hexes          | |  2.4
Ice Magic      | |  0.1

Action                     || total
---------------------------++-------
  Melee: Dagger            ||    60
    Use: Potion            ||     1
   Stab: Sleeping          ||     1
 Armour: Robe              ||    34
  Dodge: Dodged            ||    43
